 Dungeon Crawl Stone Soup version 0.21.1-1-g345015f (webtiles) character file.

73 inc the Chopper (level 4, 0/35 HPs)
             Began as a Demonspawn Monk on June 14, 2018.
             Slain by an orc (3 damage)
             ... on level 3 of the Dungeon.
             The game lasted 00:01:38 (1632 turns).

inc the Chopper (Demonspawn Monk)                   Turns: 1632, Time: 00:01:39

Health: 0/35       AC:  8    Str: 11    XL:     4   Next: 8%
Magic:  4/4        EV: 16    Int: 13    God:
Gold:   62         SH:  0    Dex: 15    Spells: 3/3 levels left

rFire    . . .     SeeInvis .   a - +0 hand axe
rCold    . . .     Gourm    .   (no shield)
rNeg     . . .     Faith    .   g - +2 ring mail {rPois}
rPois    +         Spirit   .   (no helmet)
rElec    .         Reflect  .   i - +0 cloak
rCorr    .         Harm     .   (no gloves)
MR       .....                  (no boots)
Stlth    +.........             (no amulet)
HPRegen  0.11/turn              p - +3 ring of evasion
MPRegen  0.09/turn              (no ring)

@: no status effects
A: talons 2, repulsion field 1
a: no special abilities


You were on level 3 of the Dungeon.
You were not hungry.

You visited 1 branch of the dungeon, and saw 3 of its levels.

You collected 62 gold pieces.

Inventory:

Hand Weapons
 a - a +0 hand axe (weapon)
Armour
 b - a +0 robe
 g - a +2 ring mail of poison resistance (worn)
 i - a +0 cloak (worn)
Magical Staves
 m - an uncursed staff of death
Jewellery
 o - an uncursed ring of poison resistance
 p - a +3 ring of evasion (left hand)
Scrolls
 d - a scroll of teleportation {unknown}
 e - a scroll of enchant weapon {unknown}
 f - a scroll of immolation {unknown}
 h - 2 scrolls of identify {unknown}
 l - a scroll of fog {unknown}
Potions
 k - a potion of curing {unknown}
Comestibles
 c - 10 rations
 n - a chunk of flesh


   Skills:
 - Level 3.0 Fighting
 + Level 4.5 Axes
 - Level 2.6 Dodging
 - Level 1.7 Stealth


You had 3 spell levels left.
You didn't know any spells.

Dungeon Overview and Level Annotations

Branches:
Dungeon (3/15)

Altars:


Innate Abilities, Weirdness & Mutations

You have razor-sharp toenails.
You are surrounded by a mild repulsion field. (EV +2)


Message History

You hit the orc wizard but do no damage.
You hit the orc but do no damage. The orc wizard hits you with a flail.
* * * LOW HITPOINT WARNING * * *
The orc closely misses you.
The orc priest hits you but does no damage.
The orc wizard closely misses you. The orc barely misses you.
You hit the orc priest but do no damage.
You claw the orc priest, but do no damage.
The orc priest is lightly wounded.
You hit the orc but do no damage. You hit the orc wizard.
You hit the orc but do no damage. The orc hits you.
* * * LOW HITPOINT WARNING * * *
The orc wizard closely misses you. The orc priest closely misses you.
The orc closely misses you.
A kobold comes into view. It is wielding a long sword.
It was a potion of cancellation.
You feel magically purged. The orc wizard hits you with a flail.
* * * LOW HITPOINT WARNING * * *
The orc hits you.
You die...

#########
####...#...##
...>.......# #
#..(........
##.#...........
##......†.......
....##ooo.......
......o@†.#....
####.###.## . #
#)# #.. ...)
###$. .$K .##. #
..


You could see an orc priest, an orc wizard, 2 orcs and a kobold (wandering).

Vanquished Creatures
  4 adders (D:2)
  An ooze (D:1)
  A worm (D:3)
  An orc (D:3)
  4 giant cockroaches
  3 goblins
  3 hobgoblins
  3 jackals (D:3)
  3 kobolds
  A quokka (D:2)
  A bat (D:2)
  A frilled lizard (D:2)
  2 rats (D:2)
28 creatures vanquished.

Notes
Turn   | Place    | Note
-------+----------+-------------------------------------------
     0 | D:1      | inc the Demonspawn Monk began the quest for the Orb.
     0 | D:1      | Reached XP level 1. HP: 18/18 MP: 1/1
   306 | D:1      | Reached skill level 3 in Axes
   376 | D:1      | Gained mutation: You have sharp toenails. [demonic ancestry]
   376 | D:1      | Reached XP level 2. HP: 20/24 MP: 2/2
  1180 | D:2      | Reached skill level 4 in Axes
  1180 | D:2      | Gained mutation: You have razor-sharp toenails. [demonic ancestry]
  1180 | D:2      | Reached XP level 3. HP: 14/29 MP: 3/3
  1605 | D:3      | Gained mutation: You are surrounded by a mild repulsion field. (EV +2) [demonic ancestry]
  1605 | D:3      | Reached XP level 4. HP: 26/35 MP: 4/4
  1632 | D:3      | Slain by an orc

Skill      XL: |  1  2 |
---------------+-------+-----
Axes           | 3 4 |  4.5
Fighting       | |  3.0
Dodging        | |  2.6
Stealth        | |  1.7

Action                   |  1- 3 |  4- 6 || total
-------------------------+-------+-------++-------
Melee: Hand axe          |    80 |    22 ||   102
       Kick              |    12 |     7 ||    19
  Use: Potion            |       |     1 ||     1
 Stab: Sleeping          |     3 |       ||     3
  Eat: Chunk             |     2 |       ||     2
Armor: Robe              |     1 |       ||     1
       Ring mail         |    29 |     2 ||    31
Dodge: Dodged            |    47 |    31 ||    78
